 Dungeon Crawl Stone Soup version 0.23.1-37-gaa34b87 (webtiles) character file.

Game seed: 9687265724883342320

201 Fang the Skirmisher (level 5, -3/51 HPs)
             Began as a Gargoyle Berserker on Mar 25, 2019.
             Was a Priest of Trog.
             Slain by a bullfrog (4 damage)
             ... in a sewer.
             The game lasted 00:02:49 (1839 turns).

Fang the Skirmisher (Gargoyle Berserker)            Turns: 1839, Time: 00:02:50

Health: -3/51      AC: 16    Str: 23    XL:     5   Next: 79%
Magic:  5/5        EV:  7    Int:  8    God:    Trog [***...]
Gold:   121        SH:  0    Dex:  9    Spells: 4/4 levels left

rFire    . . .     SeeInvis .   a - +0 hand axe
rCold    . . .     Gourm    +   (no shield)
rNeg     + . .     Faith    .   i - +0 plate armour
rPois    ∞         Spirit   .   (no helmet)
rElec    +         Reflect  .   (no cloak)
rCorr    .         Harm     .   l - +0 pair of gloves (curse)
MR       .....                  (no boots)
Stlth    ..........             m - amulet of the gourmand
HPRegen  0.17/turn              h - -3 ring of strength (curse)
MPRegen  0.09/turn              (no ring)

@: berserking, slow
A: negative energy resistance 1, electricity resistance, unbreathing,
petrification resistance, rot immunity, AC +4
a: Berserk, Trog's Hand, Renounce Religion


You were in a sewer.
You worshipped Trog.
Trog was most pleased with you.
You were very full.

You visited 1 branch of the dungeon, and saw 3 of its levels.
You also visited: Sewer.

You collected 121 gold pieces.

Inventory:

Hand Weapons
 a - a +0 hand axe (weapon)
Armour
 i - a +0 plate armour (worn)
 l - a cursed +0 pair of gloves (worn)
Jewellery
 h - a cursed -3 ring of strength (left hand)
 m - an amulet of the gourmand (around neck)
 o - an uncursed amulet of guardian spirit
Wands
 k - a wand of iceblast (6)
Scrolls
 b - 2 scrolls of fear {unknown}
 d - 5 scrolls of identify {unknown}
 e - 3 scrolls of remove curse {unknown}
 g - a scroll of magic mapping {unknown}
 q - a scroll of enchant weapon {unknown}
Potions
 f - a potion of heal wounds {unknown}
 j - a potion of cancellation {unknown}
 n - a potion of berserk rage {unknown}
 p - 2 potions of flight {unknown}
Comestibles
 c - 5 rations
 r - 5 chunks of flesh


   Skills:
 + Level 4.3 Fighting
 + Level 3.7 Axes
 + Level 3.6 Armour
 + Level 2.7 Dodging


You had 4 spell levels left.
You didn't know any spells.
Your spell library was empty.

Dungeon Overview and Level Annotations

Branches:
Dungeon (3/15)

Altars:


Innate Abilities, Weirdness & Mutations

You are resistant to torment.
Your stone body is resilient. (AC +4)
You are immune to poison.
You resist negative energy. (rN+)
You are resistant to electric shocks. (rElec)
You can survive without breathing.
You are immune to petrification.
You are immune to rotting.


Message History

The bullfrog is lightly wounded.
You hit the bullfrog.
The bullfrog hits you but does no damage.
The bullfrog barely misses you.
Your unstable footing causes you to fumble your attack.
The bullfrog hits you.
* * * LOW HITPOINT WARNING * * *
The bullfrog hits you but does no damage.
Your unstable footing causes you to fumble your attack.
The bullfrog hits you.
* * * LOW HITPOINT WARNING * * *
The bullfrog closely misses you.
You hit the bullfrog.
The bullfrog is lightly wounded.
Your plate armour prevents you from hitting the bullfrog.
The bullfrog completely misses you.
The bullfrog hits you but does no damage.
Your unstable footing causes you to fumble your attack.
The bullfrog hits you.
You die...

#..≈≈≈≈≈≈≈≈≈≈≈≈÷≈≈≈÷≈≈.#
#.≈≈≈≈≈≈≈≈≈≈≈≈≈≈≈≈≈≈≈≈.#
#.≈≈≈≈≈≈≈≈≈≈≈≈≈≈≈≈≈≈≈≈≈#
#.≈≈≈≈..≈≈≈≈≈≈≈≈≈≈.≈≈≈.#
#.≈≈≈.≈≈≈≈≈≈≈≈########≈#
#.≈≈≈.≈≈≈≈≈≈≈≈≈## #≈#
#.≈≈≈≈≈≈≈≈≈≈≈≈≈≈# #≈#
#.≈≈≈≈≈≈≈≈≈≈≈≈≈≈# #.#
#.≈≈≈≈≈≈≈@F≈≈≈≈≈≈# #.#
#.≈≈≈≈≈≈≈≈F≈≈.∩≈≈# #≈#
#.≈≈≈≈≈≈≈≈..≈.≈≈≈# #≈#
#.≈≈≈≈≈≈≈≈...≈≈≈≈≈# #.#
### #.≈≈≈≈≈≈≈≈≈≈≈≈≈≈≈≈#
#.# #.#
#.≈≈≈≈≈≈≈≈.$.≈≈≈≈≈# #.#
#∩# #.≈≈≈≈≈≈≈≈:(?.≈≈≈≈
#.# #.#
#.≈≈≈≈≈≈≈≈≈!.≈≈≈≈ #.#
#∩# #.≈≈≈.≈≈≈≈≈.≈. #.#


You could see 2 bullfrogs.

Vanquished Creatures
  A scorpion (D:3)
  An orc wizard (D:3)
  A gnoll (D:1)
  An adder (Sewer)
  4 worms
  A dart slug (D:1)
  10 leopard geckos
  7 orcs (D:3)
  3 ball pythons (Sewer)
  12 giant cockroaches
  6 goblins
  6 hobgoblins
  5 kobolds
  6 bats
  12 frilled lizards
  8 rats
84 creatures vanquished.

Notes
Turn   | Place    | Note
-------+----------+-------------------------------------------
     0 | D:1      | Fang the Gargoyle Berserker began the quest for the Orb.
     0 | D:1      | Reached XP level 1. HP: 14/14 MP: 1/1
   101 | D:1      | Reached XP level 2. HP: 19/19 MP: 2/2
   406 | D:1      | Reached XP level 3. HP: 23/23 MP: 3/3
   780 | D:2      | Reached ** piety under Trog
  1144 | D:3      | Reached XP level 4. HP: 28/29 MP: 4/4
  1270 | D:3      | Reached skill level 4 in Fighting
  1387 | D:3      | Reached XP level 5. HP: 18/33 MP: 2/5
  1418 | D:3      | Found a glowing drain.
  1435 | Sewer    | Entered a sewer
  1460 | Sewer    | Reached *** piety under Trog
  1837 | Sewer    | HP: 1/51 [bullfrog (2)]
  1839 | Sewer    | Slain by a bullfrog

Skill      XL: |  1  2  3  4 |
---------------+-------------+-----
Axes           | 3 |  3.7
Dodging        | 2 |  2.7
Armour         | 3 |  3.6
Fighting       | 4 |  4.3

Action                   |  1- 3 |  4- 6 || total
-------------------------+-------+-------++-------
Melee: Hand axe          |   131 |   198 ||   329
Invok: Berserk           |     1 |     1 ||     2
  Eat: Chunk             |    10 |    15 ||    25
Armor: Animal skin       |     8 |       ||     8
       Plate armour      |   102 |   264 ||   366
Dodge: Dodged            |    55 |   104 ||   159
